 Dungeon Crawl Stone Soup version 0.23-a0-586-gacb4b3f (webtiles) character file.

301 galech the Covered (level 6, -4/48 HPs)
             Began as a Demonspawn Fighter on Dec 19, 2018.
             Slain by Grinder (7 damage)
             ... while paralysed by Grinder
             ... on level 4 of the Dungeon.
             The game lasted 00:03:03 (2795 turns).

galech the Covered (Demonspawn Fighter)             Turns: 2795, Time: 00:03:04

Health: -4/48      AC: 11    Str: 17    XL:     6   Next: 14%
Magic:  6/6        EV:  2    Int:  9    God:
Gold:   101        SH:  0    Dex: 14    Spells: 5/5 levels left

rFire    . . .     SeeInvis .   a - +0 war axe
rCold    . . .     Gourm    .   c - +0 shield
rNeg     . . .     Faith    .   b - +0 scale mail
rPois    .         Spirit   .   l - +1 helmet
rElec    .         Reflect  .   (no cloak)
rCorr    .         Harm     .   (no gloves)
MR       .....                  (no boots)
Stlth    ..........             (no amulet)
HPRegen  0.16/turn              (no ring)
MPRegen  0.10/turn              (no ring)

@: paralysed
A: thin metallic scales 1, powered by pain 2, spiny 1
a: no special abilities


You were on level 4 of the Dungeon.
You were hungry.

You visited 1 branch of the dungeon, and saw 4 of its levels.

You collected 101 gold pieces.

Inventory:

Hand Weapons
 a - a +0 war axe (weapon)
Armour
 b - a +0 scale mail (worn)
 c - a +0 shield (worn)
 l - a +1 helmet (worn)
Scrolls
 h - 2 scrolls of teleportation {unknown}
 i - 2 scrolls of remove curse {unknown}
 j - a scroll of magic mapping {unknown}
 m - a scroll of enchant armour {unknown}
 n - a scroll of noise {unknown}
 o - 2 scrolls of identify {unknown}
 p - a scroll of random uselessness {unknown}
Potions
 d - 2 potions of mutation {unknown}
 e - a potion of heal wounds {unknown}
 g - 2 potions of degeneration {unknown}
 k - a potion of lignification {unknown}
Comestibles
 f - 4 rations
 q - a chunk of flesh


   Skills:
 + Level 3.7 Fighting
 + Level 3.6 Axes
 + Level 3.8 Armour
 + Level 1.5 Dodging
 + Level 1.0 Stealth
 + Level 3.4 Shields


You had 5 spell levels left.
You didn't know any spells.
Your spell library was empty.

Dungeon Overview and Level Annotations

Branches:
Dungeon (4/15)
 Temple: D:4-7

Altars:
Dithmenos
Vehumet
Wu Jian
Yredelemnul

Annotations:
D:4 Grinder


Innate Abilities, Weirdness & Mutations

You are partially covered in thin metallic scales. (AC +2)
You sometimes gain power by taking damage.
You are partially covered in sharp spines.


Message History

Grinder hits you!
* * * LOW HITPOINT WARNING * * *
Grinder is struck by your spines. Grinder completely misses you.
You hit Grinder.
Grinder is severely wounded.
Grinder gestures at you. Pain shoots through your body!
* * * LOW HITPOINT WARNING * * *
You slash Grinder!
Grinder is almost dead.
You block Grinder's attack.
You are feeling hungry.
You hit Grinder but do no damage.
Grinder is almost dead.
Grinder gestures at you.
You suddenly lose the ability to move!
Grinder gestures at you. You resist with significant effort. Grinder hits you!
You die...

.≈≈≈≈≈. #.......#.#
.≈≈≈≈≈. ####.....÷#
.......####.......##
#..#...##.......<.#
#................##
##.#...####.......#
##...# ##...##.#
###5# ##.## .# #@#
### .# #.# .# #.# ..
... ##. .. .# .#


You could see Grinder.

Vanquished Creatures
  A centaur (D:3)
  An orc priest (D:3)
  A bullfrog skeleton (D:4)
  An orc wizard (D:3)
  Robin (D:2)
  7 adders
  2 dart slugs (D:2)
  2 leopard geckos (D:1)
  2 orcs (D:3)
  2 giant cockroaches (D:2)
  13 goblins
  4 hobgoblins
  6 jackals (D:1)
  A quokka (D:2)
  6 bats
  8 frilled lizards
  4 kobolds
  7 rats
  A spectral orc (D:3)
70 creatures vanquished.

Notes
Turn   | Place    | Note
-------+----------+-------------------------------------------
     0 | D:1      | galech the Demonspawn Fighter began the quest for the Orb.
     0 | D:1      | Reached XP level 1. HP: 18/18 MP: 1/1
   275 | D:1      | Gained mutation: You are partially covered in thin metallic
                  | scales. (AC +2) [demonic ancestry]
   275 | D:1      | Reached XP level 2. HP: 21/24 MP: 2/2
   836 | D:1      | Gained mutation: You sometimes gain a little power by
                  | taking damage. [demonic ancestry]
   836 | D:1      | Reached XP level 3. HP: 29/29 MP: 3/3
  1183 | D:2      | Noticed Robin
  1194 | D:2      | Killed Robin
  1194 | D:2      | Gained mutation: You are partially covered in sharp spines.
                  | [demonic ancestry]
  1194 | D:2      | Reached XP level 4. HP: 8/35 MP: 4/4
  1532 | D:2      | Found an ornate altar of the Wu Jian Council.
  1671 | D:3      | Noticed a centaur
  1678 | D:3      | Killed a centaur
  1678 | D:3      | Reached XP level 5. HP: 38/41 MP: 5/5
  1799 | D:2      | Reached skill level 1 in Dodging
  1913 | D:2      | Found a radiant altar of Vehumet.
  2059 | D:3      | Found a basalt altar of Yredelemnul.
  2092 | D:3      | Found a shadowy altar of Dithmenos.
  2765 | D:4      | Gained mutation: You sometimes gain power by taking damage.
                  | [demonic ancestry]
  2765 | D:4      | Reached XP level 6. HP: 46/48 MP: 6/6
  2766 | D:4      | Reached skill level 1 in Stealth
  2781 | D:4      | Noticed Grinder
  2794 | D:4      | Paralysed by Grinder for 4 turns
  2795 | D:4      | Slain by Grinder

Vault maps used:
D:1:      tarquinn_simple_flora_water_e
D:2:      marbit_many_paths, lemuel_doored_altar, minmay_crystal_room,
          uniq_robin
D:3:      yredelemnul_forgotten_temple_becter, nicolae_dithmenos_shadow_blocks,
          minmay_misc_feat_room
D:4:      serial_shops, shop_statue, minivault_14, vehumet_altar_wand_db,
          uniq_duvessa, uniq_grinder, uniq_purgy

Skill      XL: |  1  2  3  4  5  6 |
---------------+-------------------+-----
Axes           | 2 3 |  3.6
Shields        | 3 |  3.4
Armour         | 3 |  3.8
Dodging        | 1 |  1.5
Stealth        | 1 |  1.0
Fighting       | |  3.7

Action                   |  1- 3 |  4- 6 || total
-------------------------+-------+-------++-------
Melee: War axe           |   162 |    72 ||   234
  Use: Potion            |     1 |     1 ||     2
  Eat: Chunk             |     1 |     5 ||     6
Armor: Scale mail        |    96 |    47 ||   143
Dodge: Dodged            |    54 |    14 ||    68
Block: Shield            |   113 |    34 ||   147

Table legend:
 A = Non-vault XP
 B = Vault XP
 C = Vault XP percentage of total XP
 D = Non-vault monster count
 E = Vault monster count
 F = Vault count percentage of total count
                 A         B        C        D         E       F
            +---------+---------+-------+---------+---------+-------
      Total |     391 |      39 |   9.1 |      56 |      14 |  20.0
            +---------+---------+-------+---------+---------+-------
        D:1 |      42 |       0 |   0.0 |      26 |       0 |   0.0
        D:2 |      90 |      38 |  29.7 |      19 |      13 |  40.6
        D:3 |     207 |       1 |   0.5 |       9 |       1 |  10.0
        D:4 |      52 |       0 |   0.0 |       2 |       0 |   0.0
            +---------+---------+-------+---------+---------+-------
